 Dungeon Crawl Stone Soup version 0.23-a0-629-gae4348f6cf (webtiles) character file.

90 HereIgoKillingAgain the Chopper (level 4, 0/39 HPs)
             Began as a Hill Orc Monk on Dec 26, 2018.
             Slain by Robin
             ... wielding a +0 club
              (6 damage)
             ... on level 2 of the Dungeon.
             The game lasted 00:01:47 (1585 turns).

HereIgoKillingAgain the Chopper (Hill Orc Monk)     Turns: 1585, Time: 00:01:48

Health: 0/39       AC:  3    Str: 14    XL:     4   Next: 56%
Magic:  4/4        EV: 13    Int: 10    God:
Gold:   84         SH:  0    Dex: 13    Spells: 3/3 levels left

rFire    + . .     SeeInvis .   a - +0 hand axe
rCold    . . .     Gourm    .   (no shield)
rNeg     . . .     Faith    .   b - +0 robe
rPois    .         Spirit   .   (no helmet)
rElec    .         Reflect  .   (no cloak)
rCorr    .         Harm     .   (no gloves)
MR       .....                  o - +0 pair of boots
Stlth    ++........             (no amulet)
HPRegen  0.13/turn              i - ring of protection from fire
MPRegen  0.09/turn              (no ring)

@: invisible
A: no striking features
a: no special abilities


You were on level 2 of the Dungeon.
You were not hungry.

You visited 1 branch of the dungeon, and saw 2 of its levels.

You collected 84 gold pieces.

Inventory:

Hand Weapons
 a - a +0 hand axe (weapon)
Armour
 b - a +0 robe (worn)
 o - a +0 pair of boots (worn)
Jewellery
 i - a ring of protection from fire (left hand)
Scrolls
 d - a scroll of teleportation {unknown}
 h - a scroll of enchant armour {unknown}
 j - 6 scrolls of identify {unknown}
 l - 3 scrolls of remove curse {unknown}
 m - 2 scrolls of immolation {unknown}
 n - a scroll of fear {unknown}
Potions
 e - a potion of agility
 f - 2 potions of resistance
Comestibles
 c - 4 rations


   Skills:
 - Level 3.6 Fighting
 + Level 6.9 Axes
 - Level 2.4 Dodging
 - Level 1.5 Stealth


You had 3 spell levels left.
You didn't know any spells.
Your spell library was empty.

Dungeon Overview and Level Annotations

Branches:
Dungeon (2/15)

Altars:
Fedhas

Annotations:
D:2 Robin


Message History

Robin is moderately wounded.
Robin barely misses you.
You hit Robin but do no damage.
Robin is moderately wounded.
You barely miss Robin.
Robin is moderately wounded.
Robin hits you but does no damage.
You hit Robin.
Robin is heavily wounded.
The hobgoblin no longer looks unusually strong.
Robin hits you with a +0 club!
* * * LOW HITPOINT WARNING * * *
You hit Robin.
Robin is almost dead.
Robin hits you with a +0 club.
* * * LOW HITPOINT WARNING * * *
It was a potion of invisibility.
You fade into invisibility!
Robin hits you with a +0 club.
You die...

#...#.####### #...#
##....... #...#.# #...#
#....<.. #...#.# #...#
#....... #...#.# #...#
#.###.## #...#.# #...#
#.# #.# #...#.# #########
#.# #.## ..# #.# #... #)#
#.# #... #@# #####.# #...
#g####....... #...
#g...g[...... #... .
#..$......... #.## ..
#......%..... #.#
...######.....$...... #.#
..................... #.#
#................... #.#
#............#....####.##


You could see Robin and a hobgoblin.

Vanquished Creatures
  3 adders (D:2)
  An ooze (D:2)
  2 dart slugs (D:1)
  3 bats
  4 giant cockroaches
  16 goblins
  6 hobgoblins
  A ball python (D:2)
  4 frilled lizards
  6 kobolds
  4 rats
50 creatures vanquished.

Notes
Turn   | Place    | Note
-------+----------+-------------------------------------------
     0 | D:1      | HereIgoKillingAgain the Hill Orc Monk began the quest for
                  | the Orb.
     0 | D:1      | Reached XP level 1. HP: 19/19 MP: 1/1
   150 | D:1      | Reached XP level 2. HP: 26/26 MP: 2/2
   234 | D:1      | Reached skill level 5 in Axes
   421 | D:1      | Reached XP level 3. HP: 23/31 MP: 3/3
   824 | D:2      | Reached skill level 6 in Axes
  1182 | D:2      | Reached XP level 4. HP: 22/39 MP: 4/4
  1464 | D:2      | Found a blossoming altar of Fedhas.
  1538 | D:2      | Noticed Robin
  1585 | D:2      | Slain by Robin

Vault maps used:
D:1:      ncdulo_watergridlock
D:2:      fedhas_altar_2, uniq_robin

Skill      XL: |  1  2  3 |
---------------+----------+-----
Axes           | 5 6 |  6.9
Fighting       | |  3.6
Dodging        | |  2.4
Stealth        | |  1.5

Action                   |  1- 3 |  4- 6 || total
-------------------------+-------+-------++-------
Melee: Hand axe          |   105 |    58 ||   163
  Use: Potion            |     4 |     1 ||     5
 Stab: Sleeping          |     4 |       ||     4
  Eat: Ration            |     1 |       ||     1
Armor: Robe              |    18 |    15 ||    33
Dodge: Dodged            |    64 |    38 ||   102

Table legend:
 A = Non-vault XP
 B = Vault XP
 C = Vault XP percentage of total XP
 D = Non-vault monster count
 E = Vault monster count
 F = Vault count percentage of total count
                 A         B        C        D         E       F
            +---------+---------+-------+---------+---------+-------
      Total |     111 |      18 |  14.0 |      41 |       9 |  18.0
            +---------+---------+-------+---------+---------+-------
        D:1 |      45 |       0 |   0.0 |      24 |       0 |   0.0
        D:2 |      66 |      18 |  21.4 |      17 |       9 |  34.6
            +---------+---------+-------+---------+---------+-------
